 Dungeon Crawl Stone Soup version 0.14-a0-3315-g09e681a (webtiles) character file.

6414 Kae the Severer (level 10, 0/77 HPs)
             Began as a Hill Orc Fighter on Mar 15, 2014.
             Was an Elder of Okawaru.
             Slain by Nergalle
             ... wielding a +2,+0 dagger of pain
              (5 damage)
             ... on Level 1 of the Lair of Beasts.
             The game lasted 00:17:21 (9474 turns).

Kae the Severer (Hill Orc Fighter)                  Turns: 9474, Time: 00:17:22

HP   0/77        AC 16     Str 23      XL: 10   Next: 86%
MP  10/10        EV  8     Int 10      God: Okawaru [****..]
Gold 389         SH 23     Dex 10      Spells:  0 memorised,  9 levels left

rFire  + . .     SeeInvis .     J - +0 war axe
rCold  x . .     Clarity  .     r - +4 scale mail {MR+}
rNeg   . . .     Conserve .     c - +0 shield
rPois  .         rCorr    .     (no helmet)
rElec  .         rRot     .     j - +0 cloak
SustAb . .       Spirit   .     (no gloves)
rMut   .         Warding  .     A - +1 pair of boots
Saprov + . .     Stasis   .     (no amulet)
MR     +....                    o - ring of fire
                                (no ring)

@: heroism, somewhat resistant to hostile enchantments, unstealthy
A: icy blue scales 1, clever 1, saprovore 1, slow metabolism 1
a: Heroism, Renounce Religion


You were on level 1 of the Lair of Beasts.
You worshipped Okawaru.
Okawaru was greatly pleased with you.
You were very hungry.

You visited 3 branches of the dungeon, and saw 11 of its levels.

You collected 389 gold pieces.

Inventory:

Hand weapons
 a - a +0,+1 war axe
 B - the +4,+7 trident of the Heavens {speed, rElec}
   (You found it on level 8 of the Dungeon)

   Attacks with this weapon are significantly faster.
   It insulates you from electricity.
 J - a +0,+0 war axe (weapon)
Armour
 c - a +0 shield (worn)
 j - a +0 cloak (worn)
 r - a +4 scale mail of magic resistance (worn)
 A - a +1 pair of boots (worn)
Magical devices
 f - a wand of draining (0)
 l - a wand of fireball (6)
 q - a wand of magic darts (5)
 w - a wand of fire (8)
 y - a wand of random effects (14)
 z - a wand of cold (5)
 D - a wand of slowing (11)
Comestibles
 d - 3 meat rations
 g - 2 pears
 h - 5 bread rations
 i - a lemon
 p - a slice of pizza
 s - 2 apples
 t - 18 cheeses
Scrolls
 b - 3 scrolls of identify
 n - 2 scrolls of enchant armour
 u - a scroll of vulnerability {unknown}
 x - 3 scrolls of remove curse
 C - a scroll of recharging
 G - 3 scrolls of teleportation {unknown}
 H - a scroll of blinking
Jewellery
 o - a ring of fire (right hand)
 E - an uncursed amulet of inaccuracy {unknown}
Potions
 e - 3 potions of brilliance
 k - a potion of magic
 m - 7 potions of curing
 K - a potion of agility {unknown}
Books
 v - a book of Flames

   Spells                             Type                      Level
   Flame Tongue                       Conjuration/Fire             1
   Throw Flame                        Conjuration/Fire             2
   Conjure Flame                      Conjuration/Fire             3
   Inner Flame                        Hexes/Fire                   3
   Sticky Flame                       Conjuration/Fire             4
   Fireball                           Conjuration/Fire             5


   Skills:
 + Level 3.6(8.6) Fighting
 - Level 19.0(24.0) Axes
 + Level 3.2(8.2) Armour
 - Level 3.2(8.2) Shields
 + Level 0.0 Invocations


You had 9 spell levels left.
You didn't know any spells.

Dungeon Overview and Level Annotations

Branches:
Dungeon (9/15)             Temple (1/1) D:4            Lair (1/8) D:9
    Orc: D:9-12

Altars:
Ashenzari
Cheibriados
Dithmenos
Elyvilon
Fedhas
Kikubaaqudgha
Makhleb
Nemelex Xobeh
Okawaru
Sif Muna
Trog
Vehumet
Xom
Yredelemnul
Zin
The Shining One

Shops:
D:6 (:

Annotations:
Lair:1 Nergalle


Innate Abilities, Weirdness & Mutations

You can tolerate rotten meat.
You are partially covered in icy blue scales (AC +1).
Your mind is acute. (Int +2)
You have a slow metabolism.


Message History

Your shield prevents you from hitting Nergalle.
Nergalle is almost dead.
The jackal bites you but does no damage.
Unknown command.
You hit the spectral orc warrior but do no damage.
The spectral orc warrior is moderately damaged.
You hit Nergalle.
Nergalle is almost dead.
Nergalle is no longer invulnerable.
The jackal bites you but does no damage.
You block the spectral orc warrior's attack.
Nergalle closely misses you.
Unknown command.
You hit Nergalle but do no damage.
Nergalle is almost dead.
You hit the spectral orc warrior but do no damage.
The spectral orc warrior is moderately damaged.
You block the jackal's attack. Nergalle hits you but does no damage.
You writhe in agony.
You die...

###...# #..##
##..## #..f# ##.##
#.. #..####### ....
##.##.#.W#.....
#.....o##W......
#...##.W@hh......
#....(#######......
........ .#.
........ .......
....... #####


You could see Nergalle, 2 spectral orc warriors and 2 jackals.

Vanquished Creatures
  Erolcha (D:8)
  Pikel (D:4)
  Maurice (D:8)
  The ghost of Kae the Cleaver, an average HOFi (D:4)
  A troll (D:9)
  Prince Ribbit (D:5)
  A wyvern (D:8)
  A hungry ghost (D:9)
  A wandering mushroom (D:9)
  A hippogriff (D:9)
  Menkaure (D:7)
  A necrophage (D:7)
  A porcupine (Lair:1)
  4 slaves
  A phantom (D:4)
  3 centaurs
  6 ogres
  2 sky beasts
  An ice beast (D:6)
  3 big kobolds
  3 crocodiles
  Blork the orc (D:9)
  A giant frog (D:6)
  4 scorpions
  9 crimson imps
  A jelly (D:9)
  2 giant frog skeletons (D:5)
  7 hounds
  A gnoll shaman (D:6)
  An orc priest (D:9)
  3 spectral orcs (Lair:1)
  5 orc wizards
  8 worker ants
  An orange rat (D:7)
  Ijyb (D:4)
  An ogre skeleton (D:9)
  A sky beast zombie (D:5)
  A hound skeleton (D:5)
  A hound zombie (D:6)
  A scorpion zombie (D:6)
  5 adders
  3 gnolls (D:6)
  A shadow imp (D:4)
  5 green rats (D:7)
  2 giant mites
  3 worms
  An adder skeleton (D:9)
  A giant eyeball (D:8)
  2 giant geckos
  19 orcs
  14 bats
  A bat zombie (D:8)
  7 giant cockroaches
  5 goblins
  12 hobgoblins
  A jackal (Lair:1)
  A giant gecko skeleton (D:7)
  5 giant newts
  A hobgoblin zombie (D:7)
  A jackal zombie (D:5)
  21 kobolds
  2 kobold skeletons
  A kobold zombie (D:6)
  An orc zombie (D:5)
  3 quokkas
  A quokka skeleton (D:8)
  18 rats
  11 fungi (D:9)
234 creatures vanquished.

Notes
Turn   | Place    | Note
--------------------------------------------------------------
     0 | D:1      | Kae, the Hill Orc Fighter, began the quest for the Orb.
     0 | D:1      | Reached XP level 1. HP: 19/19 MP: 1/1
   204 | D:1      | Reached XP level 2. HP: 26/26 MP: 2/2
   337 | D:1      | Reached skill level 4 in Axes
   633 | D:2      | Found a radiant altar of Vehumet.
   737 | D:2      | Reached XP level 3. HP: 25/31 MP: 3/3
   998 | D:2      | Reached skill level 5 in Axes
  1380 | D:3      | Found a shimmering altar of Xom.
  1403 | D:3      | Reached XP level 4. HP: 39/39 MP: 4/4
  1472 | D:3      | Found a sparkling altar of Nemelex Xobeh.
  1884 | D:4      | Reached skill level 6 in Axes
  1884 | D:4      | Reached XP level 5. HP: 5/45 MP: 5/5
  1936 | D:4      | Reached skill level 7 in Axes
  2002 | D:4      | Noticed Kae's ghost (average HOFi)
  2192 | D:4      | Noticed a phantom
  2206 | D:4      | Killed a phantom
  2206 | D:4      | Reached skill level 8 in Axes
  2206 | D:4      | Reached XP level 6. HP: 20/51 MP: 6/6
  2372 | D:4      | Noticed Ijyb
  2402 | D:4      | Killed Ijyb
  2949 | D:4      | Killed Kae's ghost
  2949 | D:4      | Reached skill level 10 in Axes
  2949 | D:4      | Reached XP level 7. HP: 11/57 MP: 7/7
  3202 | D:4      | Found a staircase to the Ecumenical Temple.
  3419 | Temple   | Entered the Ecumenical Temple
  3444 | Temple   | Became a worshipper of Warmaster Okawaru
  3570 | D:5      | Entered Level 5 of the Dungeon
  3656 | D:5      | Noticed Pikel
  4015 | D:5      | Reached skill level 11 in Axes
  4134 | D:5      | Found a bloodstained altar of Trog.
  4135 | D:5      | Noticed Prince Ribbit
  4189 | D:5      | Killed Prince Ribbit
  4189 | D:5      | Acquired Okawaru's first power
  4189 | D:5      | Reached skill level 12 in Axes
  4189 | D:5      | Reached XP level 8. HP: 29/64 MP: 8/8
  4457 | D:4      | Found a glowing silver altar of Zin.
  4543 | D:4      | Killed Pikel
  4543 | D:4      | Reached skill level 13 in Axes
  4569 | D:5      | Found a staircase to the Ecumenical Temple.
  4991 | D:5      | Found a basalt altar of Yredelemnul.
  5004 | D:5      | Reached skill level 14 in Axes
  5004 | D:5      | Reached XP level 9. HP: 48/70 MP: 9/9
  5381 | D:6      | Found Phirum's Book Boutique.
  5671 | D:6      | Found Iriclim's Antique Weapon Boutique.
  6169 | D:7      | Noticed Menkaure
  6173 | D:7      | Killed Menkaure
  6173 | D:7      | Reached skill level 15 in Axes
  6335 | D:7      | Found a shadowy altar of Dithmenos.
  6580 | D:7      | Found a shattered altar of Ashenzari.
  6907 | D:8      | Reached skill level 16 in Axes
  7102 | D:8      | Paralysed by a giant eyeball for 2 turns
  7213 | D:8      | Found a shimmering altar of Xom.
  7227 | D:8      | Noticed Maurice
  7526 | D:8      | Reached XP level 10. HP: 34/77 MP: 10/10
  7711 | D:8      | Got an encrusted trident
  7712 | D:8      | Identified the +4,+7 trident of the Heavens {speed, rElec} (You found it on level 8 of the Dungeon)
  7780 | D:8      | Noticed Erolcha
  7794 | D:8      | Killed Erolcha
  7794 | D:8      | Reached skill level 17 in Axes
  8079 | D:8      | Found a burning altar of Makhleb.
  8163 | D:8      | Found an ancient bone altar of Kikubaaqudgha.
  8307 | D:8      | Gained mutation: You have a slow metabolism. [potion of mutation]
  8307 | D:8      | Gained mutation: You are partially covered in icy blue scales (AC +1). [potion of mutation]
  8307 | D:8      | Gained mutation: Your mind is acute. (Int +2) [potion of mutation]
  8331 | D:8      | Killed Maurice
  8485 | D:9      | Reached skill level 18 in Axes
  8832 | D:9      | Noticed Blork the orc
  8853 | D:9      | Killed Blork the orc
  8934 | D:9      | Found a staircase to the Lair.
  9156 | Lair:1   | Entered Level 1 of the Lair of Beasts
  9225 | Lair:1   | Reached skill level 19 in Axes
  9430 | Lair:1   | Noticed Nergalle
  9474 | Lair:1   | Slain by Nergalle

Action                   |  1- 3 |  4- 6 |  7- 9 | 10-12 || total
-------------------------+-------+-------+-------+-------++-------
Melee: War axe           |   130 |   148 |   475 |   277 ||  1030
       Trident           |       |       |       |    48 ||    48
Invok: Heroism           |       |       |     1 |     3 ||     4
Evoke: Wand              |       |       |     3 |     5 ||     8
  Use: Scroll            |     4 |     4 |     3 |       ||    11
       Potion            |     1 |     3 |     4 |     3 ||    11
